 Dungeon Crawl Stone Soup version 0.26-a0-639-g72c4674329 (webtiles) character file.

Game seed: 16095287787358021799

34153 PentaManta the Impaler (level 14, -9/106 HPs)
             Began as a Formicid Abyssal Knight on Sept 20, 2020.
             Was a High Priest of Lugonu.
             Mangled by a meliai simulacrum (18 damage)
             ... on level 14 of the Dungeon.
             The game lasted 01:03:31 (25740 turns).

PentaManta the Impaler (Formicid Abyssal Knight)   Turns: 25740, Time: 01:03:32

Health: -9/106     AC: 20    Str: 21    XL:     14   Next: 11%
Magic:  22/22      EV: 13    Int: 13    God:    Lugonu [*****.]
Gold:   1700       SH: 10    Dex: 10    Spells: 13/13 levels left

rFire    . . .     SeeInvis +   P - +5 scythe "Finisher" {speed, eviscerate}
rCold    . . .     Faith    .   D - +0 buckler
rNeg     . . .     Spirit   .   N - +0 plate armour
rPois    .         Reflect  +   (helmet unavailable)
rElec    .         Harm     .   (no cloak)
rCorr    .         Rampage  .   S - +1 pair of gloves
MR       +....                  (no boots)
Stlth    ..........             f - amulet of reflection
HPRegen  0.27/turn              s - +4 ring of evasion
MPRegen  0.18/turn              g - +4 ring of protection

@: no status effects
A: permanent stasis, dig shafts and tunnels, four strong arms, antennae 3
a: Dig, Shaft Self, Depart the Abyss, Bend Space, Banish, Corrupt, Enter the
Abyss, Renounce Religion


You were on level 14 of the Dungeon.
You worshipped Lugonu.
Lugonu was extremely pleased with you.
You visited 2 branches of the dungeon, and saw 16 of its levels.
You visited the Abyss 1 time.
You also visited: Bailey.

You collected 1700 gold pieces.

Inventory:

Hand Weapons
 n - a +4 great mace
 u - a +0 vorpal glaive
 x - a +0 war axe
 y - a cursed +3 morningstar
 A - a cursed +4 battleaxe
 H - a +2 dagger of venom
 M - a +0 great mace
 P - the +5 scythe "Finisher" (weapon) {speed, eviscerate}
   (You found it on level 13 of the Dungeon)

   Attacks with this weapon are significantly faster.
 V - a +3 flail
Missiles
 b - 42 poisoned darts (quivered)
 w - a throwing net
Armour
 k - a +0 troll leather armour
 v - +0 acid dragon scales
 D - a +0 buckler (worn)
 E - a +3 ring mail of cold resistance
 N - a +0 plate armour (worn)
 O - a +3 ring mail of fire resistance
 S - a +1 pair of gloves (worn)
Jewellery
 c - an uncursed ring of ice
 e - an uncursed ring of protection from cold
 f - an amulet of reflection (around neck)
 g - a +4 ring of protection (right hand)
 s - a +4 ring of evasion (left hand)
 C - an uncursed ring of protection from cold
 Q - an uncursed amulet of regeneration {unknown}
Wands
 h - a wand of paralysis (12)
 m - a wand of acid (7)
 F - a wand of flame (93)
 U - a wand of disintegration (18)
 W - a wand of random effects (22)
Scrolls
 l - 2 scrolls of fog
 o - a scroll of enchant armour
 q - 3 scrolls of fear
 r - 7 scrolls of remove curse
 J - 3 scrolls of amnesia
 R - 3 scrolls of magic mapping
 T - 2 scrolls of identify
Potions
 a - 3 potions of magic {unknown}
 d - 2 potions of lignification
 i - 6 potions of curing
 j - 2 potions of might
 p - 2 potions of stabbing
 z - 5 potions of brilliance
 G - 2 potions of flight {unknown}
 K - 2 potions of mutation
Miscellaneous
 B - a phantom mirror


   Skills:
 - Level 8.5 Fighting
 - Level 10.6(14.2) Axes
 + Level 15.5(16.6) Polearms
 - Level 8.1 Armour
 - Level 6.5 Dodging
 - Level 6.2 Shields
 - Level 10.8 Invocations


You had 13 spell levels left.
You didn't know any spells.
Your spell library contained the following spells:

 Spells                   Type           Power        Failure   Level
 Summon Lightning Spire   Summ/Air       #.......     100%        4
 Silence                  Hex/Air        #.........   100%        5
 Conjure Ball Lightning   Conj/Air       #.........   100%        6
 Tornado                  Air            #.........   100%        9


Dungeon Overview and Level Annotations

Branches:
Dungeon (15/15)            Temple (0/1) D:5            Lair (1/6) D:10
    Orc (0/2) D:9          Bailey (visited)
 Vaults: D:13-14     Depths: D:15

Altars:
Ashenzari
Cheibriados
Elyvilon
Nemelex Xobeh
Okawaru
Qazlal
Ru
Trog
Uskayaw
Vehumet
Xom
Yredelemnul
The Shining One

Shops:
D:13 ?

Portals:
Trove: D:11 (give +6 demon blade)

Annotations:
D:12 2 transporters, Adichip's ghost, journeyman MfFi
D:14 Nessos
Abyss:1 Snorg


Innate Abilities, Weirdness & Mutations

You cannot be hasted, slowed, berserked, paralysed or teleported.
You can dig through walls and to a lower floor.
Your four strong arms can wield two-handed weapons with a shield.
You have a pair of large antennae on your head. (SInv)


Message History

You block the meliai simulacrum's attack.
The meliai simulacrum hits you.
* * * LOW HITPOINT WARNING * * *
The meliai simulacrum freezes you!!
* * * LOW HITPOINT WARNING * * *
You closely miss the meliai simulacrum.
The meliai simulacrum is almost destroyed.
You block the meliai simulacrum's attack.
The meliai simulacrum barely misses you.
Press: ? - help, v - describe, . - travel The floor.
You barely miss the meliai simulacrum.
The meliai simulacrum is almost destroyed.
You block the meliai simulacrum's attack.
The meliai simulacrum barely misses you.
The meliai simulacrum hits you but does no damage.
The meliai simulacrum hits you.
* * * LOW HITPOINT WARNING * * *
The meliai simulacrum freezes you!!
You die...

###########################
...........................
..........########.#####.##
..........# #<# ..........#
#)# ..........# #.#
..........########.#####.##
................@Z........
..........########..####.#
..............###....###(#
..........#..............#
......>>..#..............#
###.#####[#..PP..P.P♣P...#
.....## #.#...♣♣.♣.♣♣P...#
......###.#...♣♣.≈.♣♣♣...#
.......##.#.....≈≈≈.♣....###


You could see a meliai simulacrum.

Vanquished Creatures
  A sphinx (D:14)
  A war gargoyle (D:14)
  2 vampire knights (D:14)
  3 two-headed ogres
  A death knight (D:14)
  A centaur warrior (D:13)
  3 unseen horrors
  Pikel (D:7)
  An orc knight (Bailey)
  2 deep elf magi
  2 manticores (D:13)
  4 ugly things (D:14)
  A centaur zombie (D:14)
  2 gargoyles
  A komodo dragon (D:10)
  Maggie (D:8)
  A tengu conjurer (D:14)
  4 trolls
  5 hornets
  2 slime creatures (D:14)
  2 hippogriffs
  A meliai zombie (D:12)
  4 shadows
  A wyvern (D:14)
  9 yaks
  A vampire (D:10)
  A redback (D:14)
  5 wraiths
  A human (D:14)
  A basilisk (D:14)
  4 vampire mosquitoes (D:12)
  2 acid dragons
  5 porcupines (D:10)
  18 orc warriors
  5 black bears
  2 centaurs
  3 phantoms
  3 sky beasts
  2 eyes of draining
  5 ogres
  A big kobold (D:8)
  8 bullfrogs
  4 scorpions
  4 troll zombies (D:9)
  18 wights
  An electric eel (D:7)
  9 hounds
  A bullfrog zombie (D:7)
  A quasit (D:9)
  3 jellies
  5 orc priests
  3 centaur skeletons
  7 bullfrog skeletons
  21 orc wizards
  7 iguanas
  16 worker ants
  4 ogre zombies (D:9)
  A hound skeleton (D:7)
  2 worker ant zombies
  4 gnolls
  A howler monkey skeleton (D:7)
  16 adders
  5 ufetubi
  2 oozes
  2 adder skeletons
  4 worms
  2 dart slugs
  5 leopard geckos
  50 orcs
  A ball python (D:3)
  3 giant cockroaches
  9 goblins
  10 hobgoblins
  9 jackals
  9 quokkas
  7 bats
  4 frilled lizards
  2 goblin skeletons (D:9)
  3 goblin zombies (D:9)
  2 hobgoblin skeletons (D:9)
  3 hobgoblin zombies (D:9)
  A jackal skeleton (D:9)
  17 kobolds
  A leopard gecko skeleton (D:5)
  2 orc skeletons (D:9)
  13 orc zombies (D:9)
  11 rats
428 creatures vanquished.

Vanquished Creatures (others)
  A kobold (D:3)
  43 fungi (D:10)
  47 plants
91 creatures vanquished.

Grand Total: 519 creatures vanquished

Notes
Turn   | Place    | Note
-------+----------+-------------------------------------------
     0 | Abyss:1  | PentaManta the Formicid Abyssal Knight began the quest for
                  | the Orb.
     0 | Abyss:1  | Reached XP level 1. HP: 18/18 MP: 2/2
    17 | Abyss:1  | Noticed a small abomination
    96 | Abyss:2  | Noticed a large abomination
   121 | Abyss:3  | Noticed a worldbinder
   129 | Abyss:3  | Noticed an orc priest
   129 | Abyss:3  | Noticed an orc priest
   132 | Abyss:3  | Noticed a thrashing horror
   136 | Abyss:3  | Noticed an orc priest
   136 | Abyss:3  | Noticed an orc priest
   136 | D:1      | Escaped the Abyss
   693 | D:1      | Reached XP level 2. HP: 24/24 MP: 3/3
   711 | D:1      | Reached * piety under Lugonu
   963 | D:1      | Reached XP level 3. HP: 17/29 MP: 4/4
  1902 | D:2      | Reached XP level 4. HP: 32/35 MP: 5/5
  2584 | D:2      | Found a hide-covered altar of Uskayaw.
  2677 | D:3      | Reached ** piety under Lugonu
  2677 | D:3      | Reached XP level 5. HP: 41/41 MP: 6/6
  3144 | D:3      | Reached skill level 5 in Axes
  3474 | D:4      | Reached XP level 6. HP: 46/47 MP: 7/7
  3689 | D:4      | Noticed a phantom
  3755 | D:5      | Entered Level 5 of the Dungeon
  3905 | D:4      | Found an iron altar of Okawaru.
  3928 | D:4      | Killed a phantom
  4043 | D:3      | Reached XP level 7. HP: 17/52 MP: 8/8
  4833 | D:4      | Found a shimmering altar of Xom.
  5096 | D:4      | Found a white marble altar of Elyvilon.
  5152 | D:4      | Reached *** piety under Lugonu
  5191 | D:4      | Reached skill level 1 in Dodging
  5267 | D:5      | HP: 1/52 [wight/+0 battleaxe (14)]
  5671 | D:5      | Reached XP level 8. HP: 31/60 MP: 10/10
  6199 | D:5      | Found a bloodstained altar of Trog.
  6631 | D:5      | Noticed a hippogriff
  6649 | D:5      | Killed a hippogriff
  6931 | D:5      | Found a staircase to the Ecumenical Temple.
  6961 | D:5      | Reached skill level 5 in Invocations
  7648 | D:4      | Reached XP level 9. HP: 66/66 MP: 13/13
  7913 | D:4      | Found a white marble altar of Elyvilon.
  7939 | D:4      | Found an iron altar of Okawaru.
  8149 | D:4      | Found a shimmering altar of Xom.
  8552 | D:6      | Reached skill level 5 in Fighting
  8796 | D:6      | Found a snail-covered altar of Cheibriados.
  9209 | D:7      | Reached **** piety under Lugonu
  9379 | D:7      | Reached skill level 5 in Armour
  9608 | D:7      | Noticed a hornet
  9691 | D:6      | Killed a hornet
  9691 | D:6      | Reached XP level 10. HP: 61/76 MP: 15/15
 10267 | D:7      | Noticed Pikel
 10299 | D:7      | Killed Pikel
 10454 | D:7      | Found a sparkling altar of Nemelex Xobeh.
 11159 | D:8      | Found a stormy altar of Qazlal.
 11159 | D:8      | Found a sacrificial altar of Ru.
 11159 | D:8      | Found a radiant altar of Vehumet.
 11270 | D:8      | Noticed Maggie
 11299 | D:8      | Killed Maggie
 11986 | D:8      | Found a glowing golden altar of the Shining One.
 12704 | D:9      | Reached skill level 5 in Dodging
 13066 | D:9      | Found a shattered altar of Ashenzari.
 13158 | D:9      | Reached ***** piety under Lugonu
 13158 | D:9      | Reached XP level 11. HP: 51/83 MP: 18/18
 13356 | D:9      | Found a staircase to the Orcish Mines.
 13373 | D:9      | Reached skill level 10 in Invocations
 14442 | D:10     | Entered Level 10 of the Dungeon
 15268 | D:10     | Reached skill level 10 in Axes
 15603 | D:10     | Found a staircase to the Lair.
 15987 | D:10     | Noticed Snorg
 16059 | D:9      | Banished Snorg
 17421 | Lair:1   | Entered Level 1 of the Lair of Beasts
 17473 | D:11     | Found a flagged portal.
 17485 | Bailey   | Entered a bailey
 17507 | Bailey   | Reached skill level 1 in Shields
 17680 | Bailey   | HP: 1/86 [orc warrior/bolt (18)]
 18157 | Bailey   | Reached XP level 12. HP: 93/93 MP: 20/20
 18497 | Bailey   | Reached skill level 5 in Shields
 18623 | D:11     | Noticed an unseen horror
 18686 | D:11     | Killed an unseen horror
 18900 | D:11     | Found a portal to a secret trove of treasure.
 19095 | D:11     | Found a stormy altar of Qazlal.
 19738 | D:11     | Noticed a two-headed ogre
 19755 | D:11     | Killed a two-headed ogre
 20148 | D:11     | Reached skill level 2 in Polearms
 20328 | D:12     | Reached skill level 3 in Polearms
 20360 | D:12     | Reached skill level 4 in Polearms
 20461 | D:12     | Reached skill level 5 in Polearms
 20755 | D:12     | Reached skill level 6 in Polearms
 21125 | D:12     | Reached skill level 7 in Polearms
 21198 | D:12     | Noticed a two-headed ogre
 21219 | D:12     | Killed a two-headed ogre
 21219 | D:12     | Reached skill level 8 in Polearms
 21501 | D:12     | Noticed a two-headed ogre
 21505 | D:12     | Found a bloodstained altar of Trog.
 21505 | D:12     | Noticed a stone giant
 21514 | D:12     | Found a transporter.
 21529 | D:12     | Noticed Adichip's ghost (journeyman MfFi)
 21532 | D:12     | Noticed a two-headed ogre
 21540 | D:12     | Identified the +1 trident "Killer Klown's Bane" {drain, rC+
                  | Str+2}
 21540 | D:12     | Noticed a tengu warrior
 21548 | D:12     | Found a transporter.
 21767 | D:12     | Noticed a six-headed hydra
 21799 | D:12     | Banished a six-headed hydra
 21799 | D:12     | Reached skill level 9 in Polearms
 22374 | D:13     | Found a basalt altar of Yredelemnul.
 22392 | D:13     | Noticed a death knight
 22394 | D:13     | Noticed a five-headed hydra
 22664 | D:13     | Banished a six-headed hydra
 22664 | D:13     | Reached skill level 10 in Polearms
 22664 | D:13     | Reached XP level 13. HP: 95/99 MP: 21/21
 22698 | D:13     | Reached skill level 11 in Polearms
 23013 | D:13     | Found the +5 scythe "Finisher" {speed, eviscerate}
 23322 | D:13     | Noticed a centaur warrior
 23327 | D:13     | Killed a centaur warrior
 23327 | D:13     | Reached skill level 12 in Polearms
 23383 | D:13     | Found Nuadaub's Magic Scroll Shoppe.
 23799 | D:14     | Reached skill level 13 in Polearms
 24620 | D:14     | Reached skill level 14 in Polearms
 24711 | D:14     | Noticed a war gargoyle
 24721 | D:14     | Killed a war gargoyle
 24903 | D:14     | Noticed a vampire knight
 24916 | D:14     | Killed a vampire knight
 25059 | D:14     | Noticed a vampire knight
 25062 | D:14     | Killed a vampire knight
 25068 | D:14     | Noticed a sphinx
 25074 | D:14     | Killed a sphinx
 25074 | D:14     | Reached skill level 15 in Polearms
 25074 | D:14     | Reached XP level 14. HP: 83/106 MP: 22/22
 25120 | D:15     | Entered Level 15 of the Dungeon
 25684 | D:14     | Noticed Nessos
 25740 | D:14     | Mangled by a meliai simulacrum

Illustrated notes

Levels and vault maps discovered:
D:1:      minmay_arrival_stair_chambers, layout_loops_ring
D:2:      layout_basic, lemuel_crystal_altar, serial_bayou_pond_c
D:3:      layout_basic
D:4:      layout_basic, elyvilon_altar_1, okawaru_ov_weapons_minmay,
          old_standard_altar, minmay_manual_monstrance
D:5:      layout_basic, lightli_temple_of_fire, temple_statues,
          minmay_misc_feat_enclosed
D:6:      layout_basic, kennysheep_mini_moat, kennysheep_generic_room_15
D:7:      minmay_flawed_box, layout_loops_ring, nicolae_overflow_hidden_temple,
          lightli_minifort, uniq_pikel
D:8:      layout_rooms, tso_metal_star, gammafunk_temple_overflow_claw,
          minmay_misc_feat_secret_circle, uniq_maggie
D:9:      layout_roguey, overflow_temple_1_default, zombieorc2_lemuel
D:10:     layout_cave_pools, due_lair_maze_entry_diamond, uniq_snorg
D:11:     layout_loops_corners, nicolae_trove_entry_crystal, enter_bailey_3,
          minmay_misc_feat_tiny, grunt_qazlal_clouds
D:12:     layout_loops_corners, gammafunk_ghost_wrathful_warriors
D:13:     layout_irregular_city, basic_altar, serial_shops,
          nicolae_shop_competitors_out_of_business, drop_trap,
          minmay_guarded_unrand_finisher
D:14:     minmay_octo_star, layout_small_grid, david_vaults_3,
          serial_park_square1 [serial_park_minivault_5x5_2], hangedman_aviary
D:15:     hangedman_depths_entry_try_elsewhere_first, layout_gridville,
          nrook_campfire, minivault_14
Lair:1:   layout_misc_corridors, gammafunk_ghost_ooze,
          infiniplex_staircase_pool_2, serial_bayou_shore_a,
          serial_bayou_shore_b

Skill      XL: |  1  2  3  4  5  6  7  8  9 10 11 12 13 |
---------------+----------------------------------------+-----
Axes           | 3 4 5 6 7 8 9 10 | 10.6
Dodging        | 1 2 3 5 6 |  6.5
Invocations    | 3 5 7 9 10 | 10.8
Armour         | 3 5 6 7 8 |  8.1
Fighting       | 4 5 6 8 |  8.5
Shields        | 2 6 |  6.2
Polearms       | 10 15 | 15.5

Action                   |  1- 3 |  4- 6 |  7- 9 | 10-12 | 13-15 || total
-------------------------+-------+-------+-------+-------+-------++-------
Melee: Hand axe          |   102 |   260 |   386 |    41 |       ||   789
       War axe           |       |       |   156 |   558 |       ||   714
       Dagger            |       |       |       |    30 |       ||    30
       Whip              |       |       |       |   637 |       ||   637
       Glaive            |       |       |       |    54 |    12 ||    66
       Scythe            |       |       |       |       |   191 ||   191
Throw: Dart              |       |       |     6 |    20 |       ||    26
Invok: Depart the Abyss  |     1 |       |       |       |       ||     1
       Banish            |       |       |     1 |     2 |     6 ||     9
       Bend Space        |       |       |     1 |    11 |     2 ||    14
 Abil: Dig               |       |       |     4 |    21 |       ||    25
Evoke: Wand              |       |       |       |     3 |       ||     3
  Use: Scroll            |     4 |     1 |     6 |    12 |       ||    23
       Potion            |       |       |     3 |     3 |     3 ||     9
Armor: Leather armour    |    16 |       |       |       |       ||    16
       Ring mail         |    17 |    14 |    46 |   188 |       ||   265
       Chain mail        |       |   116 |   133 |    10 |       ||   259
       Plate armour      |       |       |       |   279 |    39 ||   318
Dodge: Dodged            |    65 |    88 |   276 |   969 |    70 ||  1468
Block: Other             |    23 |    56 |   118 |    57 |       ||   254
       Reflection        |     1 |     3 |       |     6 |       ||    10
       Buckler           |       |       |       |   279 |    62 ||   341

Table legend: (Time is in decaauts)
 A = Elapsed time spent in this place.
 B = Non-inter-level travel time spent in this place.
 C = Inter-level travel time spent in this place.
 D = Time resting spent in this place.
 E = Time spent auto-exploring this place.
 F = Levels seen in this place.
 G = Mean time per level.
                   A        B        C        D        E       F      G
               +--------+--------+--------+--------+--------+-----+--------+
         Total |  25625 |  25006 |    619 |   8255 |  11513 |  20 | 1281.2 |
       Dungeon |  24358 |  23739 |    619 |   7594 |  11513 |  15 | 1623.9 |
          Lair |      1 |      1 |      0 |      0 |      0 |   1 |    1.0 |
         Abyss |    135 |    135 |      0 |      0 |      0 |   3 |   45.0 |
        Bailey |   1130 |   1130 |      0 |    661 |      0 |   1 | 1130.0 |
               +--------+--------+--------+--------+--------+-----+--------+

Top non-repeatable levels by time:
     D:9: 3704 daAuts
    D:12: 2184 daAuts
     D:5: 2164 daAuts
     D:4: 1981 daAuts
    D:11: 1727 daAuts
     D:7: 1719 daAuts
     D:1: 1518 daAuts
    D:13: 1515 daAuts
    D:10: 1468 daAuts
    D:14: 1395 daAuts
     D:3: 1394 daAuts
     D:8: 1226 daAuts
  Bailey: 1130 daAuts
     D:6: 1123 daAuts
     D:2: 1010 daAuts
